 Dungeon Crawl Stone Soup version 0.25-a0-510-ge065f6de7d (webtiles) character file.

Game seed: 13120102077844326589, levelgen mode: classic

2409 EnegeticOcto the Cleaver (level 9, -6/81 HPs)
             Began as a Deep Dwarf Fighter on Feb 15, 2020.
             Mangled by a two-headed ogre
             ... wielding a +0 giant club
              (18 damage)
             ... on level 9 of the Dungeon.
             The game lasted 00:03:23 (3796 turns).

EnegeticOcto the Cleaver (Deep Dwarf Fighter)       Turns: 3796, Time: 00:03:23

Health: -6/81      AC: 19    Str: 22    XL:     9   Next: 23%
Magic:  2/2        EV:  8    Int: 14    God:
Gold:   505        SH: 11    Dex:  9    Spells: 8/8 levels left

rFire    + + .     SeeInvis .   a - +1 war axe
rCold    . . .     Gourm    .   c - +1 kite shield
rNeg     + . .     Faith    .   m - +7 chain mail of the Blacksmith {rElec rF++ rN+ Dex-3}
rPois    .         Spirit   .   (no helmet)
rElec    +         Reflect  .   s - +0 cloak
rCorr    +         Harm     .   (no gloves)
MR       +....                  w - +0 pair of boots
Stlth    ..........             (no amulet)
HPRegen  0.00/turn              h - ring of resist corrosion
MPRegen  0.08/turn              y - +4 ring of intelligence

@: non-regenerating
A: damage resistance, heal wounds, sense surroundings 2, no regeneration
a: Heal Wounds


You were on level 9 of the Dungeon.
You were hungry.

You visited 2 branches of the dungeon, and saw 10 of its levels.

You collected 505 gold pieces.

Inventory:

Hand Weapons
 a - a +1 war axe (weapon)
Missiles
 B - a throwing net (quivered)
Armour
 c - a +1 kite shield (worn)
 k - a +0 chain mail
 m - the +7 chain mail of the Blacksmith (worn) {rElec rF++ rN+ Dex-3}
   (You found it on level 5 of the Dungeon)

   It affects your dexterity (-3).
   It greatly protects you from fire.
   It insulates you from electricity.
   It protects you from negative energy.
   If you remove this armour, your AC will decrease by 17 (19 -> 2).
 s - a +0 cloak (worn)
 w - a +0 pair of boots (worn)
Jewellery
 h - a ring of resist corrosion (left hand)
 y - a +4 ring of intelligence (right hand)
 A - a cursed -2 ring of protection {unknown}
Wands
 p - a wand of paralysis (2)
 E - a wand of polymorph (7)
Scrolls
 b - 3 scrolls of enchant weapon
 j - a scroll of teleportation {@r2}
 l - 8 scrolls of identify {@r1}
 t - 3 scrolls of remove curse {@r6}
 D - a scroll of enchant armour
Potions
 d - a potion of might {@q3}
 f - 2 potions of ambrosia
 g - 3 potions of flight {unknown}
 i - 2 potions of cancellation {unknown}
 n - a potion of agility {unknown}
 o - 4 potions of haste {unknown}
 q - 2 potions of magic {unknown}
 r - 3 potions of heal wounds {unknown}
 u - a potion of curing {unknown}
 v - a potion of resistance {@q6}
 x - a potion of lignification {unknown}
 z - a potion of berserk rage {unknown}
Comestibles
 e - 12 rations


   Skills:
 + Level 5.2 Fighting
 * Level 8.3 Axes
 + Level 6.4 Armour
 + Level 5.3 Dodging
 + Level 6.4 Shields


You had 8 spell levels left.
You didn't know any spells.
Your spell library contained the following spells:

 Spells                   Type           Power        Failure   Level  Hunger
 Beastly Appendage        Tmut           #.....       100%        1    ##.....
 Corona                   Hex            #......      100%        1    ##.....
 Sandblast                Erth           #.....       100%        1    ##.....
 Ensorcelled Hibernation  Hex/Ice        #.....       100%        2    ###....
 Passwall                 Tmut/Erth      #.......     100%        2    ###....
 Sticks to Snakes         Tmut           #.......     100%        2    ###....
 Confusing Touch          Hex            #.......     100%        3    ####...
 Dazzling Flash           Conj/Hex       #.....       100%        3    ####...
 Gell's Gravitas          Tloc           #.........   100%        3    ####...
 Spider Form              Tmut/Pois      #.........   100%        3    ####...
 Stone Arrow              Conj/Erth      #.....       100%        3    ####...
 Tukima's Dance           Hex            #.......     100%        3    ####...
 Ice Form                 Ice/Tmut       #.......     100%        4    #####..
 Petrify                  Tmut/Erth      #.......     100%        4    #####..
 Blade Hands              Tmut           #.........   100%        5    ######.
 Lee's Rapid Deconstruct  Erth           #.........   100%        5    ######.
 Metabolic Englaciation   Hex/Ice        #.........   100%        5    ######.
 Yara's Violent Unravell  Hex/Tmut       #.........   100%        5    ######.


Dungeon Overview and Level Annotations

Branches:
Dungeon (9/15)             Temple (1/1) D:6
   Lair: D:8-11         Orc: D:9-12

Altars:
Ashenzari
Cheibriados
Dithmenos
Elyvilon
Fedhas
Nemelex Xobeh
Okawaru
Qazlal
Ru
Trog
Uskayaw
Wu Jian
Xom
Zin
The Shining One

Annotations:
D:4 2 transporters
D:9 Erica, Maggie


Innate Abilities, Weirdness & Mutations

You are resistant to damage.
You can heal yourself by infusing magical energy.
You passively map the area around you.
You do not regenerate.


Message History

The two-headed ogre hits you with a +0 giant club!
The two-headed ogre hits you with a +0 giant spiked club!
The orc priest miscasts a cantrip.
You block the gnoll's attack.
The two-headed ogre hits you with a +0 giant club!
You block the two-headed ogre's attack.
The orc wizard hits you but does no damage.
Something hits you. Something bites you but does no damage.
The orc priest casts a cantrip, but nothing happens.
Your magical essence is drained by the effort!
You feel much better.
Maggie points at you and mumbles some strange words.
The bolt of fire hits something.
The bolt of fire hits you. You resist.
The bolt of fire hits something!!
You block something's attack. The gnoll hits you but does no damage.
Something hits you. Something bites you but does no damage.
The two-headed ogre hits you with a +0 giant club!
The two-headed ogre closely misses you. The two-headed ogre barely misses you.
You block the two-headed ogre's attack.
The orc priest calls down the wrath of Beogh upon you.
Beogh smites you!
You are too injured to fight recklessly!
You are too injured to fight recklessly!
You are too injured to fight recklessly!
You are too injured to fight recklessly!
You are too injured to fight recklessly!
You are too injured to fight recklessly!
You are too injured to fight recklessly!
Your magical essence is drained by the effort!
You feel much better. The orc priest completely misses you.
You block Maggie's attack.
The orc wizard gestures at you while chanting.
The magic dart hits you!
Something hits you but does no damage. x2
Something bites you but does no damage. You block the gnoll's attack.
You block the two-headed ogre's attack.
The two-headed ogre hits you but does no damage.
The two-headed ogre hits you with a +0 giant club!
The two-headed ogre completely misses you.
The ice beast hits you but does no damage.
You feel much better. You block the orc wizard's attack.
You block the orc priest's attack.
Unholy energy fills the air.
Maggie hits you from afar with a +1 glaive of flaming.
Something hits you but does no damage. The gnoll barely misses you.
The ice beast hits you but does no damage.
You block the orc wizard's attack.
You feel much better.
The orc priest looks encouraged for a moment.
The two-headed ogre hits you with a +0 giant club!
The two-headed ogre hits you with a +0 giant spiked club.
The two-headed ogre hits you with a +0 giant club!!
The two-headed ogre hits you with a +0 giant club.
The orc wizard closely misses you. Something hits you.
You block something's attack. Maggie hits you but does no damage.
You block the ice beast's attack. Something hits you but does no damage.
You hit the two-headed ogre.
The two-headed ogre is severely wounded.
You closely miss something. You slash the orc priest! You slash the orc wizard!
You barely miss the ice beast. You miss something.
You closely miss the two-headed ogre. The orc wizard barely misses you.
You block the gnoll's attack.
The orc priest calls upon Beogh to heal the orc wizard.
The orc wizard is healed somewhat.
The two-headed ogre hits you with a +0 giant club!
You block the two-headed ogre's attack.
The two-headed ogre hits you with a +0 giant club! x2
* * * LOW HITPOINT WARNING * * *
Something hits you but does no damage. Something bites you but does no damage.
You block the orc wizard's attack. The ice beast hits you.
The ice beast freezes you.
* * * LOW HITPOINT WARNING * * *
The orc priest mumbles some strange prayers to Beogh against you.
Beogh smites you!
* * * LOW HITPOINT WARNING * * *
Something hits you!
* * * LOW HITPOINT WARNING * * *
Something burns you.
You are too injured to fight recklessly!
You are too injured to fight recklessly!
You are too injured to fight recklessly!
You are too injured to fight recklessly!
You are too injured to fight recklessly!
You are too injured to fight recklessly!
You are too injured to fight recklessly!
You are too injured to fight recklessly!
You feel much better. Maggie misses you. The gnoll hits you but does no damage.
You block the orc wizard's attack. Something hits you but does no damage.
Something bites you but does no damage.
You block the two-headed ogre's attack. x2
The two-headed ogre misses you. The two-headed ogre closely misses you.
The ice beast hits you but does no damage.
The orc priest hits you but does no damage.
You fail to use your ability.
You block the orc wizard's attack. Something hits you but does no damage.
The gnoll hits you but does no damage.
Unholy energy fills the air.
* * * LOW HITPOINT WARNING * * *
Maggie hits you from afar with a +1 glaive of flaming!
* * * LOW HITPOINT WARNING * * *
Maggie burns you. You block the orc wizard's attack.
The ice beast barely misses you.
The two-headed ogre hits you with a +0 giant club!!
You die...

##### * **
###.... , , #*
#.....# * * *
,..##.....#### *
, #...........# ,
, , ** ,
#.$.OO.#.### * *
#.#.#.@{@{......,
,,
......oooYg.....
, ,
....##o##.#.... ,
, ... *#o# .# ...
, ,_, . *#.. #*
., , , , .... , ,
* * , , ...##
,,,* ,,* * *#.=.#
, , #..## , , *


You could see Maggie, 2 two-headed ogres, an ice beast, 2 orc priests, an orc
wizard, a gnoll and 2 orcs.

Vanquished Creatures
  A water moccasin (D:8)
  Duvessa (D:4)
  2 ice beasts
  A sky beast (D:6)
  2 ogres
  A necrophage (D:7)
  A centaur (D:7)
  2 bullfrogs
  A scorpion (D:8)
  Dowan (D:4)
  3 killer bees (D:8)
  6 howler monkeys
  A crimson imp (D:7)
  A bullfrog zombie (D:5)
  A centaur zombie (D:5)
  5 orc priests
  4 hounds
  7 orc wizards
  2 iguanas (D:7)
  Ijyb (D:4)
  Natasha (thrice) (D:4)
  3 worker ants
  A hound skeleton (D:6)
  6 gnolls
  5 adders
  A shadow imp (D:8)
  An ooze (D:4)
  2 dart slugs
  2 worms (D:2)
  7 leopard geckos
  20 orcs
  A bat (D:2)
  4 giant cockroaches
  4 goblins
  3 hobgoblins
  4 jackals (D:5)
  7 kobolds
  3 quokkas
  A ball python (D:8)
  3 frilled lizards
  A jackal skeleton (D:8)
  A jackal zombie (D:5)
  A quokka zombie (D:5)
  3 rats
131 creatures vanquished.

Notes
Turn   | Place    | Note
-------+----------+-------------------------------------------
     0 | D:1      | EnegeticOcto the Deep Dwarf Fighter began the quest for the
                  | Orb.
     0 | D:1      | Reached XP level 1. HP: 20/20 MP: 1/1
   168 | D:1      | Reached XP level 2. HP: 27/27 MP: 2/2
   229 | D:2      | Noticed a howler monkey
   244 | D:2      | Killed a howler monkey
   244 | D:2      | Reached skill level 3 in Axes
   244 | D:2      | Reached skill level 1 in Dodging
   244 | D:2      | Reached XP level 3. HP: 21/34 MP: 3/3
   267 | D:2      | Reached XP level 4. HP: 42/42 MP: 3/3
   689 | D:4      | Reached XP level 5. HP: 41/49 MP: 4/4
   690 | D:4      | Found a transporter.
   773 | D:4      | Noticed Ijyb
   784 | D:4      | Paralysed by Ijyb for 7 turns
   795 | D:4      | Killed Ijyb
   795 | D:4      | Reached skill level 4 in Axes
   815 | D:4      | Noticed Natasha
   825 | D:4      | Killed Natasha
   829 | D:4      | Noticed Natasha
   841 | D:4      | Killed Natasha
   859 | D:4      | Found a transporter.
   876 | D:4      | Noticed Dowan
   877 | D:4      | Noticed Duvessa
   901 | D:4      | Killed Dowan
   901 | D:4      | Reached XP level 6. HP: 27/56 MP: 5/5
   921 | D:4      | Killed Duvessa
  1008 | D:4      | Noticed Natasha
  1019 | D:4      | Killed Natasha
  1092 | D:5      | Entered Level 5 of the Dungeon
  1123 | D:5      | Noticed an ice beast
  1136 | D:5      | Reached skill level 5 in Axes
  1149 | D:5      | Killed an ice beast
  1149 | D:5      | Reached XP level 7. HP: 63/63 MP: 5/5
  1178 | D:5      | Reached skill level 5 in Armour
  1178 | D:5      | Reached skill level 5 in Shields
  1207 | D:5      | You fall into a shaft and drop 2 floors!
  1213 | D:7      | Reached skill level 6 in Axes
  1272 | D:7      | Reached XP level 8. HP: 49/72 MP: 5/5
  1310 | D:6      | Found a shimmering altar of Xom.
  1310 | D:6      | Found a glowing silver altar of Zin.
  1310 | D:6      | Found an ornate altar of the Wu Jian Council.
  1310 | D:6      | Found a shadowy altar of Dithmenos.
  1506 | D:5      | Found a glowing golden altar of the Shining One.
  1686 | D:5      | Got a faintly glowing chain mail
  1697 | D:5      | Identified the +7 chain mail of the Blacksmith {rElec rF++
                  | rN+ Dex-3} (You found it on level 5 of the Dungeon)
  1936 | D:6      | Reached skill level 7 in Axes
  2261 | D:6      | Found a staircase to the Ecumenical Temple.
  2353 | Temple   | Entered the Ecumenical Temple
  2795 | D:3      | Found an iron altar of Okawaru.
  3250 | D:8      | Reached skill level 5 in Fighting
  3259 | D:8      | Reached skill level 5 in Dodging
  3259 | D:8      | Gained mutation: You passively map the area around you.
                  | [Deep Dwarf growth]
  3259 | D:8      | Reached XP level 9. HP: 72/81 MP: 6/6
  3276 | D:8      | Reached skill level 8 in Axes
  3766 | D:9      | Noticed a two-headed ogre
  3768 | D:9      | Noticed Erica
  3769 | D:9      | Noticed a two-headed ogre
  3772 | D:9      | Noticed Maggie
  3796 | D:9      | Mangled by a two-headed ogre

Levels and vault maps discovered:
D:1:      dpeg_arrival_water_fire, layout_basic
D:2:      layout_rooms
D:3:      layout_basic, old_standard_altar
D:4:      gammafunk_cloud_chamber, layout_cave_pools, uniq_natasha,
          uniq_duvessa, uniq_ijyb
D:5:      layout_rooms, overflow_temple_1_default, first_ration
D:6:      layout_cave_pools, nicolae_overflow_hidden_temple,
          minmay_temple_entry_butterflies
D:7:      layout_rooms, hangedman_decor_clover_reticule, grunt_ogre_cave
D:8:      layout_rooms, hangedman_abyss_or_decor_passed
D:9:      minmay_the_grid_four_pointed_star_mashed
          [minmay_the_grid_triangle_9x9_tough_junction,
          minmay_the_grid_triangle_9x9_stretched_checkered,
          minmay_the_grid_triangle_9x9_zippers_vertical,
          minmay_the_grid_triangle_9x9_intruding_spiral,
          minmay_the_grid_prize_four_corners_diamond_b], layout_loops_ring,
          lemuel_round_altar, nicolae_overflow_crystal_walls,
          chequers_temple_overflow_minitemple, marbit_many_paths, serial_shops,
          shop, uniq_erica, uniq_maggie
Temple:   nicolae_temple_figure_zero

Skill      XL: |  1  2  3  4  5  6  7  8  9 |
---------------+----------------------------+-----
Fighting       | 3 4 5 |  5.2
Axes           | 3 4 5 6 7 8 |  8.3
Dodging        | 1 2 3 5 |  5.3
Shields        | 4 5 6 |  6.4
Armour         | 4 5 6 |  6.4

Action                   |  1- 3 |  4- 6 |  7- 9 || total
-------------------------+-------+-------+-------++-------
Melee: War axe           |    49 |   174 |   272 ||   495
 Abil: Heal Wounds       |     2 |    12 |    23 ||    37
  Use: Scroll            |       |     5 |       ||     5
  Eat: Chunk             |       |     1 |     5 ||     6
       Ration            |       |       |     1 ||     1
Armor: Scale mail        |     6 |    97 |    42 ||   145
       Chain mail        |       |       |   181 ||   181
Dodge: Dodged            |    18 |    77 |   145 ||   240
Block: Kite shield       |    20 |   124 |   278 ||   422

Table legend:
 A = Non-vault XP
 B = Vault XP
 C = Vault XP percentage of total XP
 D = Non-vault monster count
 E = Vault monster count
 F = Vault count percentage of total count
                 A         B        C        D         E       F
            +---------+---------+-------+---------+---------+-------
      Total |    3039 |     403 |  11.7 |     126 |       5 |   3.8
            +---------+---------+-------+---------+---------+-------
        D:1 |      16 |       0 |   0.0 |       8 |       0 |   0.0
        D:2 |      92 |       0 |   0.0 |      14 |       0 |   0.0
        D:3 |      11 |       0 |   0.0 |       6 |       0 |   0.0
        D:4 |     171 |     287 |  62.7 |      11 |       4 |  26.7
        D:5 |     591 |       0 |   0.0 |      32 |       0 |   0.0
        D:6 |     362 |       0 |   0.0 |       5 |       0 |   0.0
        D:7 |     729 |     116 |  13.7 |      15 |       1 |   6.2
        D:8 |    1037 |       0 |   0.0 |      33 |       0 |   0.0
        D:9 |      30 |       0 |   0.0 |       2 |       0 |   0.0
            +---------+---------+-------+---------+---------+-------
